 Dungeon Crawl Stone Soup version 0.25.1-2-g60ff931df9 (webtiles) character file.

Game seed: 10914685622310461290

203 growler the Chiller (level 5, -1/38 HPs)
             Began as a Demigod Ice Elementalist on Oct 1, 2020.
             Slain by a sky beast (5 damage)
             ... on level 4 of the Dungeon.
             The game lasted 00:05:58 (2654 turns).

growler the Chiller (Demigod Ice Elementalist)      Turns: 2654, Time: 00:05:59

Health: -1/38      AC:  3    Str: 11    XL:     5   Next: 26%
Magic:  4/10       EV: 12    Int: 21    God:
Gold:   270        SH:  0    Dex: 16    Spells: 1/8 levels left

rFire    + . .     SeeInvis .   q - +7 hand axe of Upheaval {vamp, +Inv +Fly}
rCold    . . .     Gourm    .   (no shield)
rNeg     . . .     Faith    .   a - +0 robe
rPois    .         Spirit   .   m - +0 helmet
rElec    .         Reflect  .   (no cloak)
rCorr    .         Harm     .   (no gloves)
MR       .....                  (no boots)
Stlth    +++.......             (no amulet)
HPRegen  0.12/turn              i - ring of protection from fire
MPRegen  0.12/turn              n - ring of stealth

@: frozen ramparts, very slightly contaminated
A: high mp 1
a: Evoke Invisibility, Evoke Flight


You were on level 4 of the Dungeon.
You were not hungry.

You visited 1 branch of the dungeon, and saw 4 of its levels.

You collected 270 gold pieces.

Inventory:

Hand Weapons
 j - a +0 dagger
   (You took it off a goblin on level 1 of the Dungeon)
 p - a +2 short sword of freezing
   (You took it off Terence on level 3 of the Dungeon)
 q - the +7 hand axe of Upheaval (weapon) {vamp, +Inv +Fly}
   (You found it on level 3 of the Dungeon)

   It inflicts no extra harm, but heals its wielder when it wounds a living foe.
   It lets you turn invisible.
   It lets you fly.
Armour
 a - a +0 robe (worn)
 m - a +0 helmet (worn)
   (You found it on level 2 of the Dungeon)
Jewellery
 i - a ring of protection from fire (left hand)
   (You found it on level 1 of the Dungeon)
 n - a ring of stealth (right hand)
   (You found it on level 2 of the Dungeon)
 s - a cursed amulet of inaccuracy
   (You found it on level 3 of the Dungeon)
Wands
 r - a wand of clouds (9)
   (You took it off Ijyb on level 3 of the Dungeon)
Scrolls
 b - a scroll of enchant weapon {unknown}
 c - a scroll of magic mapping
 f - a scroll of random uselessness {unknown}
 h - 2 scrolls of remove curse {@r2}
 k - 3 scrolls of identify {@r1}
 o - a scroll of amnesia {unknown}
Potions
 g - a potion of heal wounds {@q2}
 l - a potion of brilliance
Comestibles
 d - 5 chunks of flesh
 e - 9 rations {!d}


   Skills:
 - Level 1.7 Dodging
 - Level 1.7 Stealth
 - Level 2.0 Spellcasting
 + Level 6.2 Ice Magic


You had one spell level left.
You knew the following spells:

 Your Spells              Type           Power        Failure   Level  Hunger
a - Freeze                Ice            ####         1%          1    #......
b - Frozen Ramparts       Ice            ####..       3%          3    ###....
c - Ozocubu's Armour      Chrm/Ice       ###.....     12%         3    ###....

Your spell library contained the following spells:

 Spells                   Type           Power        Failure   Level  Hunger
 Hailstorm                Conj/Ice       ###.....     38%         4    #####..
 Summon Ice Beast         Ice/Summ       ###.....     38%         4    #####..


Dungeon Overview and Level Annotations

Branches:
Dungeon (4/15)
 Temple: D:4-7


Innate Abilities, Weirdness & Mutations

You have an increased reservoir of magic. (+10% MP)


Message History

You butcher the giant cockroach corpse.
d - 8 chunks of flesh (gained 2)
There is a stone staircase leading down here. x2
You now have 256 gold pieces (gained 17).
Found a wand of clouds (5).
r - a wand of clouds (9) (gained 5 charges)
Found a ration.
Some of the chunks of flesh in your inventory have rotted away.
e - 9 rations {!d} (gained 1)
Found 14 gold pieces.
You now have 270 gold pieces (gained 14).
Some of the chunks of flesh in your inventory have rotted away.
Found 19 bolts.
Found 6 gold pieces.
A centaur comes into view.
Found a ration.
A centaur is nearby!
A sky beast comes into view.
You see here 6 gold pieces.
The helpless centaur fails to defend itself.
You slash the centaur! The centaur hits you.
You closely miss the centaur. The centaur hits you! The centaur hits you.
* * * LOW HITPOINT WARNING * * *
You miscast Frozen Ramparts.
You are very lightly contaminated with residual magic.
Nothing appears to happen.
The centaur hits you but does no damage.
The sky beast hits you but does no damage.
The centaur barely misses you.
Unknown command.
The walls around you are covered in ice.
The centaur hits you.
* * * LOW HITPOINT WARNING * * *
The wall freezes the sky beast.
The sky beast hits you but does no damage.
You hit the centaur.
You feel better.
You barely miss the sky beast. The centaur hits you.
* * * LOW HITPOINT WARNING * * *
The wall freezes the sky beast!
The sky beast hits you.
* * * LOW HITPOINT WARNING * * *
The sky beast shocks you.
* * * LOW HITPOINT WARNING * * *
The centaur barely misses you.
You hit the centaur.
You feel better.
You barely miss the sky beast. The centaur hits you!
* * * LOW HITPOINT WARNING * * *
The wall freezes the sky beast.
The sky beast hits you.
* * * LOW HITPOINT WARNING * * *
The sky beast shocks you.
You die...

#.....#.#
######.#.#####
#............#
#.......####.#
#.......# #.#
#.......# #.#
#.......####.#
#....(..$..#.#
#......@##.#.#
#.....cY##...#
#....%..######
#.......#
#########


You could see a sky beast and a centaur.

Vanquished Creatures
  An orc priest (D:3)
  An iguana (D:2)
  Ijyb (D:3)
  Terence (D:3)
  A worker ant (D:4)
  An adder (D:2)
  An ooze (D:4)
  A worm (D:3)
  3 leopard geckos
  7 orcs (D:3)
  3 giant cockroaches
  5 goblins
  8 hobgoblins
  A quokka (D:2)
  2 bats
  5 frilled lizards
  4 kobolds
  6 rats
52 creatures vanquished.

Notes
Turn   | Place    | Note
-------+----------+-------------------------------------------
     0 | D:1      | growler the Demigod Ice Elementalist began the quest for
                  | the Orb.
     0 | D:1      | Reached XP level 1. HP: 14/14 MP: 5/5
   409 | D:1      | Reached skill level 4 in Ice Magic
   409 | D:1      | Reached XP level 2. HP: 19/20 MP: 0/7
  1425 | D:2      | Reached XP level 3. HP: 18/26 MP: 2/8
  1550 | D:2      | Learned a level 3 spell: Frozen Ramparts
  1706 | D:3      | Reached skill level 5 in Ice Magic
  1820 | D:3      | Noticed Terence
  1833 | D:3      | Killed Terence
  1833 | D:3      | Reached XP level 4. HP: 33/33 MP: 5/9
  1895 | D:3      | Got an ebony hand axe
  1978 | D:3      | Learned a level 3 spell: Ozocubu's Armour
  2079 | D:3      | Noticed Ijyb
  2094 | D:3      | Killed Ijyb
  2212 | D:3      | Reached XP level 5. HP: 38/38 MP: 10/10
  2350 | D:3      | Reached skill level 6 in Ice Magic
  2480 | D:4      | Identified the +7 hand axe of Upheaval {vamp, +Inv +Fly}
                  | (You found it on level 3 of the Dungeon)
  2646 | D:4      | Noticed a centaur
  2647 | D:4      | Noticed a sky beast
  2654 | D:4      | Slain by a sky beast

Illustrated notes

Levels and vault maps discovered:
D:1:      tarquinn_simple_flora_water_d, layout_rooms, minmay_misc_feat_roman,
          feat_on_display
D:2:      layout_basic, kennysheep_path_1
D:3:      layout_loops_cross, first_ration, minivault_5, uniq_ijyb, uniq_terence
D:4:      layout_basic

Skill      XL: |  1  2  3  4  5 |
---------------+----------------+-----
Spellcasting   | 2 |  2.0
Ice Magic      | 4 5 6 |  6.2
Dodging        | |  1.7
Stealth        | |  1.7

Action                   |  1- 3 |  4- 6 || total
-------------------------+-------+-------++-------
Melee: Unarmed           |     2 |       ||     2
       Dagger            |    33 |       ||    33
       Short sword       |       |     6 ||     6
       Hand axe          |       |     9 ||     9
 Cast: Freeze            |    33 |       ||    33
       Frozen Ramparts   |     1 |     5 ||     6
  Use: Scroll            |     1 |     4 ||     5
 Stab: Sleeping          |     6 |     4 ||    10
  Eat: Chunk             |     3 |     3 ||     6
Armor: Robe              |     5 |     6 ||    11
Dodge: Dodged            |    34 |    11 ||    45
